[Event "Titled Tuesday Blitz April 18 Late 2023"]
[White "Yuan, Qingyu"]
[Black "Karas, Marek"]
[WhiteFideId "8609772"]
[BlackFideId "14928558"]
[WhiteElo "2359"]
[BlackElo "2233"]
[Result "1-0"]
[Round "08"]
[TimeControl "180+2"]
[Date "2023.04.18"]
[WhiteClock "0:00:04"]
[BlackClock "0:00:02"]

1. e4 e6 2. d4 d5 3. Nd2 a6 4. Ngf3 c5 5. dxc5 Bxc5 6. Bd3 Ne7 7. O-O Nbc6 8. c3 O-O 9. Qe2 Ng6 10. Nb3 Bb6 11. Bg5 Qc7 12. Rad1 Nf4 13. Bxf4 Qxf4 14. exd5 exd5 15. Nfd4 Bg4 16. f3 Rfe8 17. Qd2 Qxd2 18. Rxd2 Bd7 19. Bc2 Ne5 20. Bb1 Nc4 21. Rdf2 a5 22. Bd3 a4 23. Bxc4 dxc4 24. Nd2 Bxd4 25. cxd4 b5 26. a3 Re3 27. Ne4 Bc6 28. Nc3 Rd3 29. Rd1 Rd8 30. Rfd2 R8xd4 31. Rxd3 cxd3 32. Kf2 b4 33. axb4 Rxb4 34. Rd2 Rb3 35. Ke3 g6 36. Kxd3 a3 37. bxa3 Rxa3 38. Kc2 Kg7 39. Kb2 Ra7 40. Ne2 h5 41. Nd4 Ba8 42. h4 Ra4 43. Kc3 Ra3+ 44. Kc4 Ra5 45. Kd3 Bd5 46. Ke3 Ra4 47. Kf2 Ba8 48. Kg3 Kf6 49. Ne2 Kg7 50. Nf4 Kf6 51. Re2 Kg7 52. Re7 Kf6 53. Rc7 Kg7 54. Nd3 Kf6 55. Nc5 Ra3 56. Nd7+ Kg7 57. Ne5 Bd5 58. Rd7 Be6 59. Rb7 Kf6 60. Nc6 Rc3 61. Rb6 Kg7 62. Nd4 Bd5 63. Rd6 Ba2 64. Rd7 Kf6 65. Ra7 Be6 66. Ra6 Re3 67. Nc2 Re2 68. Nd4 Re3 69. Nb5 Re5 70. Nd6 Kg7 71. Ne4 Rf5 72. Ra7 Re5 73. Ng5 Kf6 74. Kf4 Rf5+ 75. Ke4 Re5+ 76. Kf4 Rf5+ 77. Kg3 Re5 78. Ra8 Kg7 79. Re8 Re2 80. Ne4 Bd7 81. Re7 Be6 82. Rc7 Re3 83. Nc5 Re1 84. Kf2 Re5 85. f4 1-0


[Site "https://www.chess.com"]

[Event "Titled Tuesday Blitz April 18 Late 2023"]
[White "Weetik, Vjacheslav"]
[Black "Sonnenschein, Philipp"]
[WhiteFideId "4153472"]
[BlackFideId "16250877"]
[WhiteElo "2469"]
[BlackElo "2224"]
[Result "1-0"]
[Round "08"]
[TimeControl "180+2"]
[Date "2023.04.18"]
[WhiteClock "0:00:30"]
[BlackClock "0:00:43"]

1. d4 Nf6 2. Bf4 g6 3. Nf3 Nh5 4. Bc1 Bg7 5. e4 O-O 6. Be2 d6 7. O-O f5 8. Nc3 fxe4 9. Nxe4 Nf4 10. Bxf4 Rxf4 11. Ng3 Nc6 12. c3 e5 13. dxe5 Nxe5 14. Nxe5 Bxe5 15. Qd5+ Kh8 16. Rad1 Qf6 17. Ne4 Qe7 18. Bf3 c6 19. Qd2 d5 20. Ng3 Qh4 21. Rfe1 Bf6 22. Re8+ Kg7 23. Rde1 Rf5 24. Nxf5+ gxf5 25. g3 Qh3 26. Qf4 1-0


[Site "https://www.chess.com"]

[Event "Titled Tuesday Blitz April 18 Late 2023"]
[White "Ronka, Erik"]
[Black "Korchmar, Vasiliy"]
[WhiteFideId "505080"]
[BlackFideId "24131750"]
[WhiteElo "2264"]
[BlackElo "2370"]
[Result "1-0"]
[Round "08"]
[TimeControl "180+2"]
[Date "2023.04.18"]
[WhiteClock "0:00:09"]
[BlackClock "0:00:03"]

1. e4 c5 2. Nf3 d6 3. d4 cxd4 4. Nxd4 Nf6 5. Nc3 Nc6 6. Bg5 Bd7 7. Qd2 a6 8. O-O-O e6 9. f4 Be7 10. Nf3 b5 11. Bxf6 gxf6 12. f5 Qb6 13. g3 O-O-O 14. Kb1 Ne5 15. Nd4 Qc5 16. Bh3 Nc4 17. Qd3 Qb4 18. Nb3 Ne5 19. Qd4 Qxd4 20. Nxd4 b4 21. Nce2 exf5 22. Bxf5 Kb7 23. Nf4 Bf8 24. Nd5 a5 25. Rhf1 h5 26. Nxf6 Bg7 27. Nxd7 Nxd7 28. Nb5 Nb6 29. Nxd6+ Kc6 30. Nxf7 Rxd1+ 31. Rxd1 Rf8 32. Ng5 Be5 33. Ne6 Rh8 34. c3 bxc3 35. bxc3 Na4 36. Nd4+ Kb6 37. Kc2 h4 38. Rb1+ Ka6 39. Bd7 Nxc3 40. Kxc3 1-0


[Site "https://www.chess.com"]

[Event "Titled Tuesday Blitz April 18 Late 2023"]
[White "Martinez Ramirez, Lennis"]
[Black "Petrovic, Aleksa"]
[WhiteFideId "3509079"]
[BlackFideId "967629"]
[WhiteElo "2410"]
[BlackElo "2309"]
[Result "1/2-1/2"]
[Round "08"]
[TimeControl "180+2"]
[Date "2023.04.18"]
[WhiteClock "0:01:32"]
[BlackClock "0:00:04"]

1. c4 e6 2. Nf3 Nf6 3. d4 b6 4. g3 Ba6 5. Nbd2 d5 6. Bg2 Be7 7. O-O O-O 8. Qc2 Nbd7 9. e4 Nxe4 10. Nxe4 dxe4 11. Nd2 Nf6 12. b3 Qxd4 13. Bb2 Qc5 14. Nxe4 Nxe4 15. Bxe4 Rad8 16. Bxh7+ Kh8 17. Be4 Bf6 18. Bxf6 gxf6 19. Rad1 Qg5 20. f4 Qc5+ 21. Kg2 f5 22. Qc3+ Kh7 23. Bf3 b5 24. Qf6 Rxd1 25. Rxd1 bxc4 26. Qh4+ Kg7 27. Qg5+ Kh7 28. Rd7 c3 29. Bh5 Qc6+ 30. Bf3 Qxd7 31. Qh5+ Kg7 32. Qg5+ Kh7 33. Qh4+ Kg7 34. Qg5+ Kh7 1/2-1/2


[Site "https://www.chess.com"]

[Event "Titled Tuesday Blitz April 18 Late 2023"]
[White "Feng, Eric"]
[Black "Rios Escobar, Adan"]
[WhiteFideId "30952590"]
[BlackFideId "3403645"]
[WhiteElo "1785"]
[BlackElo "2490"]
[Result "1-0"]
[Round "08"]
[TimeControl "180+2"]
[Date "2023.04.18"]
[WhiteClock "0:00:49"]
[BlackClock "0:00:01"]

1. d4 Nf6 2. c4 g6 3. Nf3 Bg7 4. g3 c5 5. d5 b5 6. cxb5 a6 7. bxa6 Qa5+ 8. Bd2 Qxa6 9. Nc3 d6 10. Bg2 O-O 11. O-O Nbd7 12. Re1 Nb6 13. e4 Nc4 14. Bf1 Bg4 15. Bc1 Nd7 16. h3 Bxf3 17. Qxf3 Nde5 18. Qe2 Nb6 19. Qxa6 Nf3+ 20. Kh1 Rxa6 21. Re3 Ra7 22. Rxf3 Rfa8 23. a3 h5 24. Bb5 Ra5 25. Bc6 Rb8 26. Bd2 Nc4 27. Be1 Rxb2 28. Nd1 Re2 29. Bxa5 Bxa1 30. Kg2 Nxa3 31. Rxa3 Bd4 32. Bb5 Rc2 33. Kf3 Rc1 34. Ke2 Rc2+ 35. Bd2 Kg7 36. Bd3 1-0


[Site "https://www.chess.com"]

[Event "Titled Tuesday Blitz April 18 Late 2023"]
[White "Sieciechowicz, Marcin"]
[Black "Liu, Eric"]
[WhiteFideId "1130170"]
[BlackFideId "30960240"]
[WhiteElo "2302"]
[BlackElo "2094"]
[Result "1-0"]
[Round "08"]
[TimeControl "180+2"]
[Date "2023.04.18"]
[WhiteClock "0:01:47"]
[BlackClock "0:00:12"]

1. d4 b6 2. e4 Bb7 3. Bd3 e6 4. Nf3 h5 5. c4 h4 6. h3 c5 7. d5 d6 8. Nc3 e5 9. Be3 g6 10. Qd2 Bh6 11. O-O-O Bxe3 12. Qxe3 Qf6 13. Kb1 a6 14. Nh2 Nd7 15. Ng4 Qg7 16. f4 exf4 17. Qxf4 Ne5 18. Nxe5 dxe5 19. Qf2 O-O-O 20. Na4 Kc7 21. b4 cxb4 22. Qxb6+ Kc8 23. c5 Rd7 24. c6 Rc7 25. Bxa6 Bxa6 26. Qxa6+ Kd8 27. d6 Rc8 28. c7+ Kd7 29. Nc5+ 1-0


[Site "https://www.chess.com"]

[Event "Titled Tuesday Blitz April 18 Late 2023"]
[White "Aldokhin, Ivan"]
[Black "Jovic, Stanoje"]
[WhiteFideId "24115720"]
[BlackFideId "905020"]
[WhiteElo "2322"]
[BlackElo "2236"]
[Result "1-0"]
[Round "08"]
[TimeControl "180+2"]
[Date "2023.04.18"]
[WhiteClock "0:00:02"]
[BlackClock "0:00:01"]

1. e4 c6 2. Nc3 d5 3. d4 dxe4 4. Nxe4 Nf6 5. Nxf6+ exf6 6. c3 Bd6 7. Bd3 O-O 8. Ne2 Qc7 9. Qc2 h5 10. Bd2 Re8 11. O-O-O b5 12. Ng3 h4 13. Nf5 Bxf5 14. Bxf5 Bf4 15. g3 Bxd2+ 16. Qxd2 Nd7 17. gxh4 Nb6 18. Rhg1 Kf8 19. Rxg7 Kxg7 20. Rg1+ Kf8 21. Qh6+ Ke7 22. Re1+ Kd8 23. Qxf6+ Qe7 24. Rxe7 Rxe7 25. h5 Nd7 26. Bxd7 Kxd7 27. h6 Rf8 28. h7 Ree8 29. Kc2 Kc7 30. Kb3 a5 31. c4 bxc4+ 32. Kxc4 Kb7 33. Kc5 Rc8 34. a4 Rh8 35. Qg7 Rhf8 36. h4 Ka6 37. h5 f5 38. f4 Rb8 39. Qc7 Rfc8 40. Qd7 Rh8 41. Qxf5 Rb7 42. Qg6 Rhxh7 43. f5 Rhd7 44. Qf6 Rd5+ 45. Kc4 1-0


[Site "https://www.chess.com"]

[Event "Titled Tuesday Blitz April 18 Late 2023"]
[White "Rastbod, Ali"]
[Black "Lorenzo De La Riva, Lazaro"]
[WhiteFideId "12567477"]
[BlackFideId "2268809"]
[WhiteElo "2248"]
[BlackElo "2294"]
[Result "1-0"]
[Round "08"]
[TimeControl "180+2"]
[Date "2023.04.18"]
[WhiteClock "0:00:13"]
[BlackClock "0:00:33"]

1. c4 c6 2. Nc3 g6 3. d4 Bg7 4. e4 d6 5. f4 Na6 6. Nf3 Nc7 7. Be2 Nf6 8. e5 Nd7 9. O-O O-O 10. Ne4 d5 11. Nc3 dxc4 12. Bxc4 Nb6 13. Bb3 Ncd5 14. h3 Be6 15. Ne4 Nc7 16. Bc2 Bd5 17. Nc5 Rb8 18. f5 Re8 19. Bg5 f6 20. fxg6 fxg5 21. gxh7+ Kh8 22. Nxg5 Rf8 23. Qg4 Qe8 24. Rxf8+ Qxf8 25. Rf1 Qe8 26. Bb3 Qg6 27. Bxd5 Nbxd5 28. Nd7 Rd8 29. Nf7+ Kxh7 30. Qxg6+ Kxg6 31. Nxd8 Ne3 32. Rf3 Nf5 33. Rf4 Ne6 34. Nxe6 Bh6 35. Rg4+ Kf7 36. Ng5+ Ke8 37. e6 Ne3 38. Rg3 Nf5 39. Rg4 Ne3 40. Nf3 Nxg4 41. hxg4 Be3+ 42. Kf1 b6 43. Ke2 Bf4 44. b3 Bh6 45. Kd3 Bg7 46. Ke4 c5 47. dxc5 bxc5 48. Kd5 Kd8 49. Kxc5 Kc7 50. Kd5 Bc3 51. g5 a5 52. g6 a4 53. bxa4 Bg7 54. Nh4 Kb7 55. Nf5 Bf6 56. g7 Bxg7 57. Nxg7 Ka6 58. Nf5 Ka5 59. Nxe7 Kxa4 60. g4 Kb4 61. g5 Kc3 62. g6 1-0


[Site "https://www.chess.com"]

[Event "Titled Tuesday Blitz April 18 Late 2023"]
[White "ElenGajger"]
[Black "Adla, Diego"]
[BlackFideId "100072"]
[WhiteElo "2456"]
[BlackElo "2377"]
[Result "0-1"]
[Round "08"]
[TimeControl "180+2"]
[Date "2023.04.18"]
[WhiteClock "0:00:01"]
[BlackClock "0:00:44"]

1. e4 e5 2. d4 exd4 3. Nf3 Nc6 4. Bc4 Nf6 5. e5 d5 6. Bb5 Ne4 7. Nxd4 Bc5 8. Be3 O-O 9. Nxc6 bxc6 10. Bxc5 Nxc5 11. Bxc6 Rb8 12. O-O Rxb2 13. Nc3 d4 14. Nd5 Ne6 15. Qc1 Rb8 16. Qa3 Bb7 17. Rab1 Ba8 18. Bxa8 Rxa8 19. Ne7+ Kh8 20. f4 Re8 21. Nf5 Qd5 22. Ng3 a5 23. Qd3 Nc5 24. Qf5 Qxa2 25. Nh5 Qd5 26. Rb5 Rg8 27. Qg4 c6 28. Rbb1 Ne4 29. Rbe1 d3 30. h3 d2 31. Rd1 Qd4+ 32. Kh2 Nf2 33. Rxf2 Qxf2 34. f5 Rab8 35. f6 g6 36. Ng3 Rb4 0-1


[Site "https://www.chess.com"]

[Event "Titled Tuesday Blitz April 18 Late 2023"]
[White "Lizak, Peter"]
[Black "Le Goff, Ronan"]
[WhiteFideId "731595"]
[BlackFideId "612073"]
[WhiteElo "2420"]
[BlackElo "2275"]
[Result "1-0"]
[Round "08"]
[TimeControl "180+2"]
[Date "2023.04.18"]
[WhiteClock "0:00:46"]
[BlackClock "0:01:19"]

1. d4 Nf6 2. Nf3 e6 3. Bf4 d5 4. e3 c5 5. Nbd2 Nc6 6. c3 cxd4 7. exd4 Nh5 8. Be3 g6 9. g4 Nf6 10. h3 Bg7 11. Bd3 h5 12. g5 Ng8 13. Bf4 Nge7 14. Qe2 Qb6 15. O-O-O Bd7 16. Ne5 Nxe5 17. Bxe5 Bxe5 18. Qxe5 O-O 19. Nf3 Rac8 20. Nh4 Nc6 21. Qf6 Qd8 22. f4 Qxf6 23. gxf6 Nxd4 24. Kd2 Nc6 25. Rhg1 Be8 26. Rg5 d4 27. Rdg1 dxc3+ 28. bxc3 Rd8 29. Ke3 Rd5 30. Rxd5 exd5 31. Rg5 Bd7 32. f5 Re8+ 33. Kf4 Ne5 34. Bc2 Kf8 35. fxg6 fxg6 36. Rxe5 1-0


[Site "https://www.chess.com"]

[Event "Titled Tuesday Blitz April 18 Late 2023"]
[White "Papayan, Oleg"]
[Black "Kleiman, Jake"]
[WhiteFideId "4193911"]
[BlackFideId "2020041"]
[WhiteElo "2153"]
[BlackElo "2610"]
[Result "0-1"]
[Round "08"]
[TimeControl "180+2"]
[Date "2023.04.18"]
[WhiteClock "0:00:03"]
[BlackClock "0:00:36"]

1. e4 e5 2. Nf3 Nc6 3. Bb5 a6 4. Bxc6 dxc6 5. O-O f6 6. d4 Bg4 7. dxe5 Qxd1 8. Rxd1 Bxf3 9. gxf3 fxe5 10. f4 Nf6 11. f3 Bd6 12. f5 g6 13. Bg5 Kf7 14. fxg6+ Kxg6 15. Be3 Rhg8 16. Kf2 Raf8 17. Rg1+ Kf7 18. Nd2 Ke6 19. Rxg8 Rxg8 20. Rg1 Rxg1 21. Kxg1 Nd7 22. Kf2 Kf6 23. Nc4 b6 24. a4 Be7 25. Kg3 Bc5 26. h4 Bxe3 27. Nxe3 Nc5 28. b3 Ne6 29. Nf5 a5 30. Kg4 Nf4 31. h5 Ne2 32. Kh3 c5 33. Kg2 Kg5 34. Ne7 Nd4 35. Nd5 Nxc2 36. Nxc7 Nd4 37. Nd5 Nxb3 38. Nxb6 Kxh5 39. Nd7 c4 40. Nxe5 c3 41. Kg3 c2 42. Nd3 c1=Q 43. Nxc1 Nxc1 44. Kf4 Kg6 45. e5 Nd3+ 46. Ke4 Nc5+ 47. Kd5 Nxa4 48. f4 Nb6+ 49. Ke6 Kg7 50. f5 Kf8 51. f6 a4 52. Kd6 Nc4+ 53. Kd5 Nxe5 54. Kxe5 a3 0-1


[Site "https://www.chess.com"]

[Event "Titled Tuesday Blitz April 18 Late 2023"]
[White "Gonzalez, Francisco Silva"]
[Black "Krishnan, Varun"]
[WhiteFideId "1512285"]
[BlackFideId "5054508"]
[WhiteElo "2074"]
[BlackElo "2602"]
[Result "1-0"]
[Round "08"]
[TimeControl "180+2"]
[Date "2023.04.18"]
[WhiteClock "0:00:32"]
[BlackClock "0:00:16"]

1. d4 Nf6 2. c4 e6 3. Nc3 Bb4 4. a3 Bxc3+ 5. bxc3 O-O 6. e3 d5 7. Bd3 c5 8. cxd5 exd5 9. Ne2 Nc6 10. f3 b6 11. O-O Bb7 12. Bd2 Na5 13. Ng3 Nc4 14. Bxc4 dxc4 15. Qe2 cxd4 16. cxd4 Rc8 17. Rfc1 Ba6 18. Bb4 Re8 19. Qd2 Nd5 20. e4 Nxb4 21. axb4 Bb5 22. Rxa7 Ra8 23. Rxa8 Qxa8 24. Nf5 Qd8 25. d5 Qf6 26. h3 g6 27. Nh6+ Kg7 28. Ng4 Qd6 29. Qc3+ f6 30. Ra1 Re7 31. Ra8 Rf7 32. Qe3 g5 33. Qc3 Rf8 34. Ra7+ Rf7 35. Ra8 Rf8 36. Rxf8 Qxf8 37. e5 fxe5 38. Qxe5+ Kg6 39. Qe6+ Kg7 40. Qh6+ Kg8 41. Qxg5+ Qg7 42. Qd8+ Kf7 43. Qc7+ Kg8 44. Qd8+ Kf7 45. Qxb6 Bd7 46. Qc7 Qd4+ 47. Kh2 Qxd5 48. Ne5+ Ke6 49. Nxd7 Qxd7 50. Qxc4+ Kf6 51. Qh4+ Kg7 52. Qg4+ Qxg4 53. hxg4 Kh6 54. f4 Kg6 55. f5+ Kg5 56. b5 h5 57. gxh5 Kxh5 58. g4+ Kh4 59. b6 Kxg4 60. f6 Kf5 61. f7 Ke6 62. b7 Kd7 63. Kg3 Kc7 64. Kf4 Kxb7 65. f8=R Kc6 66. Rd8 Kc7 67. Rd5 Kc6 68. Ke5 Kc7 69. Rd6 Kb7 70. Kd4 Kc7 71. Kc5 Kb7 72. Rc6 Kb8 73. Kb4 Ka7 74. Kc5 Kb7 75. Kb5 Ka7 76. Rc7+ Ka8 77. Kc5 Kb8 78. Kb6 Ka8 79. Rc8# 1-0


[Site "https://www.chess.com"]

[Event "Titled Tuesday Blitz April 18 Late 2023"]
[White "Vlassov, Nikolai"]
[Black "Hoffmann, Asa"]
[WhiteFideId "4103360"]
[BlackFideId "2001470"]
[WhiteElo "2324"]
[BlackElo "2117"]
[Result "1-0"]
[Round "08"]
[TimeControl "180+2"]
[Date "2023.04.18"]
[WhiteClock "0:00:37"]
[BlackClock "0:00:48"]

1. e4 d6 2. f4 Nf6 3. Nc3 c6 4. d4 Qa5 5. Bd3 e5 6. Nf3 exd4 7. Nxd4 Qb6 8. Bc4 d5 9. exd5 Bc5 10. Qe2+ Kd8 11. Nf3 Bg4 12. Qd3 Re8+ 13. Ne5 Nbd7 14. dxc6 Qxc6 15. Kf1 Qb6 16. Na4 Qa5 17. Nxc5 Qxc5 18. Be3 Qc7 19. Nxf7+ Ke7 20. Qa3+ Nc5 21. Qxc5+ Qxc5 22. Bxc5+ Kd7 23. Bb5+ Ke6 24. Ng5+ Kf5 25. Bxe8 Rxe8 26. Re1 Rc8 27. Ne6 Rc6 28. Nd4+ Kxf4 29. Nxc6 bxc6 30. h3 Bf5 31. Bd6+ Kg5 32. Be7 Kg6 33. Bxf6 Kxf6 34. Re2 1-0


[Site "https://www.chess.com"]

[Event "Titled Tuesday Blitz April 18 Late 2023"]
[White "Srinath, Rao S.V."]
[Black "EsmeraldasAnderson03"]
[WhiteFideId "5028876"]
[WhiteElo "2196"]
[BlackElo "2394"]
[Result "1-0"]
[Round "08"]
[TimeControl "180+2"]
[Date "2023.04.18"]
[WhiteClock "0:02:02"]
[BlackClock "0:01:29"]

1. c4 e5 2. Nc3 Nc6 3. Nf3 f5 4. d4 e4 5. d5 exf3 6. dxc6 fxg2 7. cxd7+ Qxd7 8. Qxd7+ Bxd7 9. Bxg2 c6 10. Bg5 h6 11. Be3 Be6 12. c5 Nf6 13. O-O-O Rd8 14. Rxd8+ Kxd8 15. Rd1+ Kc8 16. b4 a6 17. Na4 g5 18. Bd4 Bg7 19. Be5 Bd5 20. Nb6+ Kd8 21. Bxd5 cxd5 22. Nxd5 1-0


[Site "https://www.chess.com"]

[Event "Titled Tuesday Blitz April 18 Late 2023"]
[White "Mihajlovskij"]
[Black "Melikyan, Gnel"]
[BlackFideId "54109990"]
[WhiteElo "2338"]
[BlackElo "2138"]
[Result "0-1"]
[Round "08"]
[TimeControl "180+2"]
[Date "2023.04.18"]
[WhiteClock "0:00:04"]
[BlackClock "0:01:12"]

1. e4 h6 2. d4 d6 3. Nc3 Nf6 4. Be3 e5 5. dxe5 dxe5 6. Qxd8+ Kxd8 7. O-O-O+ Bd6 8. f3 Ke7 9. Bc4 Be6 10. Bxe6 Kxe6 11. Nge2 a6 12. Ng3 g6 13. Nge2 Nc6 14. g4 Ne7 15. h4 Rad8 16. Rd3 Bb4 17. Rhd1 Rxd3 18. cxd3 Nc6 19. d4 exd4 20. Nxd4+ Nxd4 21. Bxd4 Bxc3 22. Bxc3 Rc8 23. Bd2 h5 24. g5 Ne8 25. Bc3 Nd6 26. Rd5 c6 27. Rd3 Rc7 28. Ba5 Rd7 29. Bc3 Nc4 30. Rxd7 Kxd7 31. Kd1 Ke6 32. Ke2 c5 33. b3 Nd6 34. Ke3 b5 35. Bf6 b4 36. Kd3 a5 37. Bd8 Nb7 38. Bc7 Kd7 39. Bf4 Kc6 40. Kc4 Nd8 41. Be3 Nb7 42. f4 Nd6+ 0-1


[Site "https://www.chess.com"]

[Event "Titled Tuesday Blitz April 18 Late 2023"]
[White "Pesotskiy, Mikhail"]
[Black "Spata, German"]
[WhiteFideId "34164453"]
[BlackFideId "113026"]
[WhiteElo "2131"]
[BlackElo "2238"]
[Result "1-0"]
[Round "08"]
[TimeControl "180+2"]
[Date "2023.04.18"]
[WhiteClock "0:01:34"]
[BlackClock "0:01:37"]

1. c4 d6 2. d4 Nf6 3. Nc3 Nbd7 4. e4 e5 5. d5 Be7 6. Bd3 O-O 7. Nge2 Nc5 8. Bc2 a5 9. f3 Ne8 10. Ng3 Bg5 11. Bxg5 Qxg5 12. Qd2 Qxd2+ 13. Kxd2 g6 14. b3 Bd7 15. a3 Ng7 16. b4 Na6 17. Rhb1 axb4 18. axb4 Nxb4 19. Rxa8 Rxa8 20. Rxb4 b6 21. Ba4 Bc8 22. Bc6 Ra1 23. Ra4 Rxa4 24. Bxa4 f5 25. Bc6 Ba6 26. Nb5 Bxb5 27. Bxb5 Kf7 28. exf5 gxf5 29. Bd7 Kf6 30. Kd3 Kg5 31. Ne2 Nh5 32. g3 Kf6 33. Nc3 f4 34. g4 Ng7 35. Nb5 Ke7 36. Bf5 h5 37. Nxc7 hxg4 38. Bxg4 1-0


[Site "https://www.chess.com"]

[Event "Titled Tuesday Blitz April 18 Late 2023"]
[White "Kosteniuk, Alexandra"]
[Black "Goncalves, Davi Sulzbacher"]
[WhiteFideId "4128125"]
[BlackFideId "2154510"]
[WhiteElo "2453"]
[BlackElo "2182"]
[Result "1-0"]
[Round "08"]
[TimeControl "180+2"]
[Date "2023.04.18"]
[WhiteClock "0:01:23"]
[BlackClock "0:00:01"]

1. Nf3 Nf6 2. g3 g6 3. Bg2 Bg7 4. O-O O-O 5. c4 c6 6. d4 d5 7. Qb3 dxc4 8. Qxc4 Nbd7 9. Nc3 Nb6 10. Qd3 Nfd5 11. e4 Nxc3 12. bxc3 Be6 13. Rd1 Bc4 14. Qe3 Bb5 15. Nd2 a5 16. h4 a4 17. Ba3 Re8 18. h5 e5 19. d5 cxd5 20. exd5 Rc8 21. h6 Bf6 22. Ne4 Nc4 23. Qf3 Bh8 24. Bb4 f5 25. d6 fxe4 26. Qxe4 Bd7 27. Qxb7 e4 28. Bxe4 Rxe4 29. Qxe4 Ne5 30. Qd5+ Kf8 31. Re1 1-0


[Site "https://www.chess.com"]

[Event "Titled Tuesday Blitz April 18 Late 2023"]
[White "Sliwicki, Damian"]
[Black "Marek, Matyas"]
[WhiteFideId "1127128"]
[BlackFideId "335398"]
[WhiteElo "2030"]
[BlackElo "2279"]
[Result "1-0"]
[Round "08"]
[TimeControl "180+2"]
[Date "2023.04.18"]
[WhiteClock "0:00:09"]
[BlackClock "0:00:16"]

1. e4 c5 2. Nf3 d6 3. d4 cxd4 4. Qxd4 Nc6 5. Bb5 a6 6. Bxc6+ bxc6 7. c4 e5 8. Qd3 Ne7 9. Nc3 Ng6 10. O-O Be7 11. Rd1 O-O 12. b3 Qc7 13. Ba3 Rd8 14. Rac1 Nf4 15. Qf1 Bg4 16. Ne2 Ng6 17. Rc3 Rf8 18. h3 Be6 19. Rcd3 Rad8 20. Bc1 f5 21. exf5 Bxf5 22. Rc3 h6 23. Ng3 Be6 24. Qd3 Nf4 25. Bxf4 Rxf4 26. Nh5 Rf5 27. g4 Rxh5 28. gxh5 Rf8 29. Nh2 Qc8 30. Kg2 Rf5 31. Ng4 Rxh5 32. Qg6 Rg5 33. Qe4 h5 34. f4 Bxg4 35. fxg5 Bxd1 36. c5 Qe6 37. cxd6 Qxd6 38. Rxc6 Qd2+ 39. Kh1 Qd7 40. Qc4+ Kh7 41. Qe4+ g6 42. Qxg6+ Kh8 43. Qh6+ Kg8 44. Rg6+ Kf7 45. Qh7+ Ke8 46. Rg8+ Bf8 47. Rxf8+ Kxf8 48. Qxd7 e4 49. Qd6+ Kf7 50. Qf4+ Kg6 51. Qe3 Bf3+ 52. Kh2 Kf5 53. h4 Kg4 54. g6 Kxh4 55. g7 Bg4 56. g8=Q Bf3 57. Qgg5# 1-0


[Site "https://www.chess.com"]

[Event "Titled Tuesday Blitz April 18 Late 2023"]
[White "Meunier-Pion, Jean"]
[Black "Kozin, Yuri"]
[WhiteFideId "20685327"]
[BlackFideId "4129920"]
[WhiteElo "2124"]
[BlackElo "2613"]
[Result "0-1"]
[Round "08"]
[TimeControl "180+2"]
[Date "2023.04.18"]
[WhiteClock "0:00:01"]
[BlackClock "0:00:06"]

1. e4 c5 2. Nf3 e6 3. d4 cxd4 4. Nxd4 Nf6 5. Nc3 d6 6. g4 h6 7. h4 Nc6 8. Rg1 d5 9. Bb5 Bd7 10. exd5 Nxd5 11. Nxd5 exd5 12. Qe2+ Qe7 13. Be3 Nxd4 14. Bxd7+ Kxd7 15. Bxd4 Qxe2+ 16. Kxe2 f6 17. Rad1 Bd6 18. Kf3 Kc6 19. Rd3 Rad8 20. Rc3+ Kd7 21. Bxa7 Ra8 22. Bd4 Rxa2 23. Rb3 Ra4 24. Rd1 Kc6 25. Rdd3 Rc4 26. c3 b5 27. Re3 Bc5 28. Re6+ Kd7 29. Ra6 Bxd4 30. cxd4 b4 31. Ra7+ Ke6 32. Re3+ Kd6 33. Rae7 Rxd4 34. R3e6+ Kc5 35. Rc7+ Kb5 36. Rxg7 Rd2 37. Re2 Rd3+ 38. Kf4 Rc8 39. Rg6 Rc4+ 40. Kf5 Rf3+ 41. Ke6 Rcf4 42. Rxh6 d4 43. h5 d3 44. Rd2 Kc4 45. Rh7 Rxf2 46. Rd1 Re2+ 47. Kd6 Rd4+ 48. Kc6 d2 49. Rc7 Re1 50. Kb6+ Kd3 51. Rxd2+ Kxd2 52. h6 Rxg4 53. h7 Rh1 54. Kb5 f5 55. Ka4 Rgh4 56. Kb3 R1h3+ 57. Ka2 b3+ 58. Ka3 Rxh7 59. Rc4 Ra7+ 60. Kb4 Rb7+ 61. Ka3 Re3 62. Rd4+ Ke2 63. Rc4 Ra7+ 64. Kb4 Re4 65. Kxb3 Rb7+ 0-1


[Site "https://www.chess.com"]

[Event "Titled Tuesday Blitz April 18 Late 2023"]
[White "Pinheiro, Iung Alicio de O."]
[Black "Melikhov, Evgeny V."]
[WhiteFideId "2104350"]
[BlackFideId "4122046"]
[WhiteElo "2283"]
[BlackElo "2158"]
[Result "1-0"]
[Round "08"]
[TimeControl "180+2"]
[Date "2023.04.18"]
[WhiteClock "0:00:15"]
[BlackClock "0:00:02"]

1. e4 e5 2. Nf3 Nc6 3. Bc4 Nf6 4. Ng5 d5 5. exd5 Na5 6. Bb5+ c6 7. dxc6 bxc6 8. Be2 h6 9. Nh3 Bd6 10. d3 O-O 11. O-O Bxh3 12. gxh3 Nd5 13. Kh1 Qh4 14. Rg1 Nf4 15. Bxf4 Qxf4 16. Rg2 Nb7 17. Nc3 Nc5 18. Qg1 Ne6 19. Ne4 Be7 20. Rg4 Qf5 21. Ng3 Qh7 22. Nh5 Kh8 23. Bf3 f5 24. Rg6 Bf6 25. h4 Rac8 26. Qg3 Nf4 27. Nxf4 exf4 28. Qg2 Bxh4 29. Bxc6 Bg5 30. Re6 Qg8 31. Bd5 Qh7 32. Bb3 Rf6 33. Rae1 Qg6 34. Re7 Rff8 35. R7e6 Qh5 36. f3 Qh4 37. c3 Bf6 38. d4 Kh7 39. R1e2 Rcd8 40. Bc2 g6 41. Re1 Rd6 42. R6e2 Bg5 43. Bb3 h5 44. Re5 Kh6 45. R1e2 Bf6 46. Re6 Rfd8 47. Qf2 Qxf2 48. Rxf2 Rxe6 49. Bxe6 Rd6 50. Re2 Kg7 51. a3 Bd8 52. Kg2 Kf6 53. Bb3 g5 54. h3 g4 55. Bc4 Bb6 56. Bd3 Re6 57. Rxe6+ Kxe6 58. Bb5 Kf6 59. Be8 Kg5 60. Bf7 a5 61. a4 Bc7 62. b4 axb4 63. cxb4 Bb6 64. d5 h4 65. a5 1-0


[Site "https://www.chess.com"]

[Event "Titled Tuesday Blitz April 18 Late 2023"]
[White "Ambartsumova, Karina"]
[Black "mrithyunjay"]
[WhiteFideId "4166299"]
[WhiteElo "2240"]
[BlackElo "2447"]
[Result "0-1"]
[Round "08"]
[TimeControl "180+2"]
[Date "2023.04.18"]
[WhiteClock "0:00:02"]
[BlackClock "0:00:21"]

1. e4 c5 2. Nf3 d6 3. Bb5+ Nd7 4. c3 Nf6 5. O-O a6 6. Ba4 b5 7. Bc2 c4 8. a4 Bb7 9. Qe2 e5 10. Re1 Nc5 11. d4 cxd3 12. Bxd3 Nxa4 13. c4 Nc5 14. cxb5 axb5 15. Bxb5+ Nfd7 16. Rxa8 Qxa8 17. Nc3 Be7 18. b4 Ne6 19. Be3 Nc7 20. Ba4 Bc6 21. b5 Bb7 22. b6 Ne6 23. Qb5 Nf8 24. Nd5 Bd8 25. Nc7+ Bxc7 26. bxc7 Ke7 27. Rc1 Bc8 28. Nd2 Ne6 29. Nc4 Qa6 30. Qb4 Ndc5 31. Nxe5 Qxa4 32. Qb6 Qa6 33. Qb4 dxe5 34. Bxc5+ Nxc5 35. Qxc5+ Qd6 36. Qa7 Re8 37. h4 Kf8 38. Qb8 g6 39. g3 Qd2 40. Ra1 Ke7 41. Qb6 Qd4 42. Qa5 Qxe4 43. Re1 Qd4 44. Rxe5+ Kf8 45. Rxe8+ Kxe8 46. Qa8 Qd1+ 47. Kh2 Qd7 48. Qe4+ Kf8 49. Qb4+ Kg7 50. Qb8 h5 51. Kg2 Qc6+ 52. Kf1 Ba6+ 53. Ke1 Qc1# 0-1


[Site "https://www.chess.com"]

[Event "Titled Tuesday Blitz April 18 Late 2023"]
[White "mistrzemi"]
[Black "cryptoguru02"]
[WhiteElo "2441"]
[BlackElo "2600"]
[Result "0-1"]
[Round "08"]
[TimeControl "180+2"]
[Date "2023.04.18"]
[WhiteClock "0:00:12"]
[BlackClock "0:00:09"]

1. d4 g6 2. e4 Bg7 3. Nc3 d6 4. Bg5 c6 5. Qd2 b5 6. a3 Nd7 7. h4 h6 8. Be3 h5 9. Nh3 Nb6 10. Ng5 Nf6 11. f3 Rb8 12. Be2 Nc4 13. Bxc4 bxc4 14. Rb1 O-O 15. O-O Qc7 16. b4 cxb3 17. cxb3 Nh7 18. Nxh7 Kxh7 19. b4 a5 20. b5 Bd7 21. bxc6 Bxc6 22. Rfc1 Qd7 23. d5 Ba8 24. Bd4 Bh6 25. Be3 Bg7 26. a4 Rfc8 27. Nb5 Bb7 28. Qxa5 Ra8 29. Qb4 Ba6 30. Nd4 Bd3 31. Ra1 Rxc1+ 32. Bxc1 e5 33. Nc6 f5 34. exf5 Qxf5 35. Ra3 e4 36. fxe4 Bxe4 37. Ne7 Qg4 38. Bg5 Qxg2# 0-1


[Site "https://www.chess.com"]